 Dungeon Crawl Stone Soup version 0.25-a0-1056-g2efb326896 (webtiles) character file.

Game seed: 9367037167606844925, levelgen mode: deterministic

1988 Flugslaktarn the Chopper (level 9, -5/47 HPs)
             Began as a Vine Stalker Fighter on May 13, 2020.
             Was an Initiate of Gozag.
             Slain by Pikel
             ... wielding a +1 whip of electrocution
              (10 damage)
             ... on level 8 of the Dungeon.
             The game lasted 00:03:43 (6552 turns).

Flugslaktarn the Chopper (Vine Stalker Fighter)     Turns: 6552, Time: 00:03:44

Health: -5/47      AC: 15    Str: 20    XL:     9   Next: 21%
Magic:  0/10       EV:  4    Int:  8    God:    Gozag
Gold:   643        SH: 11    Dex: 16    Spells: 8/8 levels left

rFire    . . .     SeeInvis .   a - +1 war axe
rCold    . . .     Gourm    .   c - +1 kite shield
rNeg     . . .     Faith    .   s - +0 plate armour
rPois    .         Spirit   +   (no helmet)
rElec    .         Reflect  .   l - scarf {+Inv}
rCorr    .         Harm     .   (no gloves)
MR       +....                  k - +2 pair of boots
Stlth    ..........             u - amulet of the acrobat
HPRegen  0.55/turn              o - ring of flight
MPRegen  0.12/turn              (no ring)

@: no status effects
A: fangs 3, regeneration 1, magic shield, antimagic bite, no potion heal 3, rot
immunity
a: Potion Petition, Call Merchant, Bribe Branch, Renounce Religion, Evoke
Invisibility, Evoke Flight


You were on level 8 of the Dungeon.
You worshipped Gozag.
Gozag was pleased with you.
You were very hungry.

You visited 1 branch of the dungeon, and saw 8 of its levels.

You collected 709 gold pieces.
You spent 42 gold pieces at shops.
You paid 24 gold pieces to Gozag.

Inventory:

Hand Weapons
 a - a +1 war axe (weapon)
Armour
 c - a +1 kite shield (worn)
 k - a +2 pair of boots (worn)
   (You found it on level 2 of the Dungeon)
 l - a scarf of invisibility (worn)
   (You found it on level 1 of the Dungeon)
 s - a +0 plate armour (worn)
   (You took it off an orc warrior on level 6 of the Dungeon)
Jewellery
 o - a ring of flight (left hand)
   (You found it on level 1 of the Dungeon)
 p - an uncursed ring of fire
   (You found it on level 4 of the Dungeon)
 u - an amulet of the acrobat (around neck)
   (You found it on level 3 of the Dungeon)
 A - an uncursed ring of wizardry {unknown}
   (You found it on level 7 of the Dungeon)
 B - a +6 ring of protection {unknown}
   (You found it on level 6 of the Dungeon)
Wands
 w - a wand of paralysis (7)
   (You found it on level 6 of the Dungeon)
Scrolls
 f - 2 scrolls of magic mapping
 i - a scroll of enchant armour
 n - a scroll of random uselessness {unknown}
 r - 2 scrolls of blinking {unknown}
 t - a scroll of teleportation
 x - a scroll of remove curse
 y - a scroll of enchant weapon
Potions
 b - 2 potions of stabbing {unknown}
 d - 2 potions of might
 g - a potion of berserk rage
 h - 3 potions of brilliance
 j - 2 potions of flight
 m - a potion of haste
 q - 3 potions of curing
 v - 5 potions of heal wounds {unknown}
 z - a potion of magic {unknown}
Comestibles
 e - 5 rations


   Skills:
 + Level 5.4 Fighting
 * Level 7.0 Axes
 + Level 5.0 Armour
 + Level 5.5 Shields


You had 8 spell levels left.
You didn't know any spells.
Your spell library was empty.

Dungeon Overview and Level Annotations

Branches:
Dungeon (8/15)             Temple (0/1) D:6
   Lair: D:8-11

Altars:
Cheibriados
Dithmenos
Elyvilon
Fedhas
Gozag
Hepliaklqana
Kikubaaqudgha
Qazlal
Sif Muna
Trog
Uskayaw
Wu Jian
Zin

Shops:
D:6 ?

Annotations:
D:4 2 runed translucent doors, ra1n577's ghost, amateur GrFi
D:8 Pikel


Innate Abilities, Weirdness & Mutations

You have razor-sharp teeth.
Your natural rate of healing is unusually fast.
When hurt, damage is shared between your health and your magic reserves.
Your bite disrupts and absorbs the magic of your enemies.
Potions cannot restore your health.
You are immune to rotting.


Message History

Pikel is severely wounded.
You slash the slave!
You kill the slave!
That felt strangely unrewarding.
Pikel barely misses you.
You closely miss Pikel.
Pikel is severely wounded.
Pikel hits you with a +1 whip of electrocution.
* * * LOW HITPOINT WARNING * * *
You slash Pikel! You bite Pikel, but do no damage.
Pikel is almost dead.
Pikel hits you but does no damage.
Pikel hits you with a +1 whip of electrocution.
* * * LOW HITPOINT WARNING * * *
You completely miss Pikel. You bite Pikel. You drain his power.
You feel invigorated.
Pikel is almost dead.
Pikel says, "You'll feel the lick of my whip!"
Pikel hits you but does no damage.
You are electrocuted!
You die...
Your body crumbles into a pile of gold.

.#### #.....# ....# ....#
#.....# ....# ....# #.....#
....# ....# #.....# ....+
....# #.....# ....# ##########
#.....######[...# .........#
##+###.......# .........#
#...........# .........+
+.@K<.#.....+ .........#
#.##+##.....#
.........##+#####.....######+#
.........#...#..'..K..'.......
.......$.#...#..#.p...#.......
.........#'######.....########
.##+#.......[.........# .#
#.................# .
#.................#


You could see Pikel.

Vanquished Creatures
  A wyvern (D:8)
  2 water moccasins
  An orc warrior (D:6)
  An ice beast (D:7)
  A necrophage (D:6)
  4 slaves (D:8)
  2 ogres
  3 sky beasts (D:5)
  A bullfrog (D:6)
  2 scorpions
  A water moccasin skeleton (D:5)
  A vampire bat (D:3)
  5 crimson imps
  4 hounds
  An iguana (D:7)
  2 orc wizards (D:6)
  2 worker ants (D:5)
  A hound zombie (D:8)
  A hound skeleton (D:8)
  A worker ant zombie (D:7)
  9 adders
  A howler monkey skeleton (D:5)
  2 shadow imps
  2 oozes
  2 adder zombies (D:5)
  A worm (D:2)
  A dart slug (D:4)
  4 leopard geckos
  3 orcs (D:3)
  A ball python (D:3)
  2 bat skeletons (D:3)
  2 bat zombies (D:3)
  4 giant cockroaches
  6 goblins
  7 hobgoblins
  5 jackals
  2 quokkas
  3 bats
  5 frilled lizards
  10 kobolds
  A leopard gecko skeleton (D:5)
  A quokka skeleton (D:5)
  A quokka zombie (D:5)
  7 rats
119 creatures vanquished.

Vanquished Creatures (others)
  An orc wizard (D:6)
1 creature vanquished.

Grand Total: 120 creatures vanquished

Notes
Turn   | Place    | Note
-------+----------+-------------------------------------------
     0 | D:1      | Flugslaktarn the Vine Stalker Fighter began the quest for
                  | the Orb.
     0 | D:1      | Reached XP level 1. HP: 11/11 MP: 2/2
   402 | D:1      | Reached skill level 2 in Axes
   443 | D:1      | Reached XP level 2. HP: 16/16 MP: 3/3
  1275 | D:2      | Reached XP level 3. HP: 17/19 MP: 2/4
  2333 | D:3      | Gained mutation: Your natural rate of healing is unusually
                  | fast. [Vine Stalker growth]
  2333 | D:3      | Reached XP level 4. HP: 24/24 MP: 5/5
  2445 | D:3      | Found an ancient bone altar of Kikubaaqudgha.
  2456 | D:3      | Reached skill level 3 in Axes
  2456 | D:3      | Reached XP level 5. HP: 28/28 MP: 6/6
  2541 | D:3      | Found a shimmering blue altar of Sif Muna.
  2875 | D:3      | Found a bloodstained altar of Trog.
  2879 | D:3      | Found a hazy altar of Hepliaklqana.
  2879 | D:3      | Found an ornate altar of the Wu Jian Council.
  2879 | D:3      | Found an opulent altar of Gozag.
  2880 | D:3      | Found a blossoming altar of Fedhas.
  2881 | D:3      | Found a white marble altar of Elyvilon.
  2882 | D:3      | Found a hide-covered altar of Uskayaw.
  2884 | D:3      | Found a glowing silver altar of Zin.
  2887 | D:3      | Became a worshipper of Gozag Ym Sagoz the Greedy
  2913 | D:4      | Found a large runed translucent door.
  2913 | D:4      | Found a large runed translucent door.
  2914 | D:4      | Noticed ra1n577's ghost (amateur GrFi)
  3096 | D:4      | Found a snail-covered altar of Cheibriados.
  3633 | D:5      | Entered Level 5 of the Dungeon
  3692 | D:5      | Noticed a water moccasin
  3695 | D:5      | Killed a water moccasin
  3695 | D:5      | Reached XP level 6. HP: 30/32 MP: 7/7
  3778 | D:5      | Reached skill level 4 in Axes
  3889 | D:5      | Noticed a sky beast
  3917 | D:5      | Killed a sky beast
  3917 | D:5      | Reached XP level 7. HP: 25/37 MP: 8/8
  4009 | D:5      | Found a stormy altar of Qazlal.
  4030 | D:5      | Noticed a fire elemental
  4030 | D:5      | Noticed a water elemental
  4030 | D:5      | Noticed an air elemental
  4141 | D:5      | Reached skill level 5 in Axes
  4467 | D:6      | Gained mutation: You have razor-sharp teeth. [Vine Stalker
                  | growth]
  4467 | D:6      | Reached XP level 8. HP: 42/42 MP: 9/9
  4493 | D:6      | Found a staircase to the Ecumenical Temple.
  4605 | D:6      | Found a shimmering blue altar of Sif Muna.
  4711 | D:6      | Found Lowol's Magic Scroll Boutique.
  4720 | D:6      | Bought a scroll of magic mapping for 42 gold pieces
  4847 | D:6      | Found a shadowy altar of Dithmenos.
  5441 | D:7      | Reached skill level 6 in Axes
  5570 | D:7      | Reached skill level 5 in Fighting
  5570 | D:7      | Reached skill level 5 in Shields
  6064 | D:7      | Found a stormy altar of Qazlal.
  6327 | D:8      | Noticed a wyvern
  6339 | D:8      | Killed a wyvern
  6339 | D:8      | Reached XP level 9. HP: 30/47 MP: 5/10
  6410 | D:8      | Noticed Pikel
  6438 | D:8      | Reached skill level 5 in Armour
  6462 | D:7      | Reached skill level 7 in Axes
  6552 | D:8      | Slain by Pikel

Illustrated notes

Levels and vault maps discovered:
D:1:      minmay_arrival_stone_box, layout_loops_ring, serial_rivers,
          chequers_serial_rivers_micro_b, chequers_serial_rivers_micro_d,
          chequers_serial_rivers_large_b, chequers_serial_rivers_room_a,
          chequers_serial_rivers_small_3, chequers_serial_rivers_large_a,
          corexii_hall_statues_s
D:2:      lemuel_upstairs_altar, layout_loops_corners
D:3:      layout_loops_ring, minitemple, kennysheep_vampire_church
D:4:      layout_loops_ring, kennysheep_slug_shrine,
          ebering_ghost_disaster_area, roderic_serpentine_path
D:5:      layout_loops_ring, first_ration, nicolae_qazlal_style_of_elements
D:6:      kennysheep_orc_sif_temple, layout_loops_corners,
          kennysheep_little_box, temple_doors_e, serial_shops, shop,
          nicolae_underground_beach
D:7:      layout_loops_corners, lemuel_coloured_pillars_altar
D:8:      layout_gridville, uniq_pikel, uniq_prince_ribbit1

Skill      XL: |  1  2  3  4  5  6  7  8  9 |
---------------+----------------------------+-----
Axes           | 2 3 4 5 6 7 |  7.0
Shields        | 3 4 5 |  5.5
Fighting       | 3 4 5 |  5.4
Armour         | 3 4 5 |  5.0

Action                   |  1- 3 |  4- 6 |  7- 9 || total
-------------------------+-------+-------+-------++-------
Melee: War axe           |    71 |   127 |   236 ||   434
       Bite              |    17 |    41 |    93 ||   151
  Use: Scroll            |       |    11 |     1 ||    12
  Eat: Chunk             |     1 |     3 |       ||     4
       Ration            |     1 |     1 |     2 ||     4
Armor: Scale mail        |    27 |    65 |    38 ||   130
       Plate armour      |       |       |    91 ||    91
Dodge: Dodged            |    27 |    60 |    40 ||   127
Block: Kite shield       |    41 |    95 |   120 ||   256

Table legend:
 A = Non-vault XP
 B = Vault XP
 C = Vault XP percentage of total XP
 D = Non-vault monster count
 E = Vault monster count
 F = Vault count percentage of total count
                 A         B        C        D         E       F
            +---------+---------+-------+---------+---------+-------
      Total |    2533 |     307 |  10.8 |     106 |      10 |   8.6
            +---------+---------+-------+---------+---------+-------
        D:1 |      23 |       0 |   0.0 |      14 |       0 |   0.0
        D:2 |      26 |       0 |   0.0 |      12 |       0 |   0.0
        D:3 |     110 |      65 |  37.1 |      29 |       5 |  14.7
        D:4 |      19 |       4 |  17.4 |       4 |       1 |  20.0
        D:5 |     895 |       0 |   0.0 |      21 |       0 |   0.0
        D:6 |     323 |     238 |  42.4 |       7 |       4 |  36.4
        D:7 |     557 |       0 |   0.0 |      11 |       0 |   0.0
        D:8 |     580 |       0 |   0.0 |       8 |       0 |   0.0
            +---------+---------+-------+---------+---------+-------
